TOP OF THE 1ST |
Elizabethton Twins batting - Pitching for Pulaski Yankees : LHP Loo Lei
|
Pitching: LHP Loo Lei
|
|
Batting: RHB David McDonald
|
0-0: Called Strike 0-1: Ball 1-1: Ball 2-1: Ball 3-1: Swinging Strike 3-2: Base on Balls
|
Batting: RHB Alexandre Garcia
|
0-0: Ball 1-0: Called Strike 1-1: Foul Ball, location: 2F 1-2: 2-RUN HOME RUN (Flyball, 7LD, EV 93.1 MPH), Distance : 337 ft
|
Batting: LHB Marshall Daul
|
0-0: Ball 1-0: Foul Ball, location: 2F 1-1: Ball 2-1: Ball 3-1: Foul Ball, location: 2F 3-2: SINGLE (Line Drive, 56D, EV 101.2 MPH)
|
Batting: RHB Josh Harmon
|
0-0: Called Strike 0-1: Swinging Strike 0-2: Ball Wild Pitch! Marshall Daul to second 1-2: Ball 2-2: Foul Ball, location: 2F 2-2: Strikes out looking
|
Batting: LHB Brian Wagner
|
0-0: Ball 1-0: Foul Ball, location: 2F 1-1: Ball 2-1: Swinging Strike 2-2: Foul Ball, location: 2F 2-2: Ground out 4-3 (Groundball, 4, EV 105.0 MPH) Marshall Daul to third
|
Pitching: RHP Chris Bryant
|
|
Batting: LHB Shaun Price
|
0-0: Swinging Strike 0-1: Ball 1-1: Fly out, F7 (Flyball, 78S, EV 88.1 MPH)
|
Top of the 1st over - 2 runs, 2 hits, 0 errors, 1 left on base; Elizabethton 2 - Pulaski 0 |
BOTTOM OF THE 1ST |
Pulaski Yankees batting - Pitching for Elizabethton Twins : LHP Yeijiro Kimura
|
Pitching: LHP Yeijiro Kimura
|
|
Batting: LHB Carlos Palau
|
0-0: Ball 1-0: Swinging Strike 1-1: Swinging Strike 1-2: Foul Ball, location: 2F 1-2: Ball 2-2: Strikes out swinging
|
Batting: LHB Jared Zulkowski
|
0-0: Ball 1-0: Called Strike 1-1: Ball 2-1: Foul Ball, location: 2F 2-2: Ball 3-2: Base on Balls
|
Batting: LHB Steve LeGrand
|
0-0: Grounds into double play, 4-6-3 (Groundball, 4, EV 81.2 MPH)
|
Bottom of the 1st over - 0 runs, 0 hits, 0 errors, 0 left on base; Elizabethton 2 - Pulaski 0 |
TOP OF THE 2ND |
Elizabethton Twins batting - Pitching for Pulaski Yankees : RHP Chris Bryant
|
Batting: LHB Jon Ventura
|
0-0: Ball 1-0: Foul Ball, location: 2F 1-1: Called Strike 1-2: Foul Ball, location: 2F 1-2: Ball 2-2: Foul Ball, location: 2F 2-2: Foul Ball, location: 2F 2-2: Strikes out swinging
|
Batting: LHB Hector Olvera
|
0-0: Called Strike 0-1: Fly out, F9 (Flyball, 9D, EV 98.8 MPH)
|
Batting: LHB Ryuuichi Shintani
|
0-0: Ball 1-0: Ball 2-0: Fly out, F7 (Flyball, 7, EV 92.5 MPH)
|
Top of the 2nd over - 0 runs, 0 hits, 0 errors, 0 left on base; Elizabethton 2 - Pulaski 0 |
BOTTOM OF THE 2ND |
Pulaski Yankees batting - Pitching for Elizabethton Twins : LHP Yeijiro Kimura
|
Batting: RHB Jesus Ruiz
|
0-0: Ground out 6-3 (Groundball, 6, EV 105.0 MPH)
|
Batting: RHB Yasuoka Tsuda
|
0-0: Ball 1-0: Ground out U3 (Groundball, 3S, EV 89.4 MPH)
|
Batting: LHB Justin Short
|
0-0: Ball 1-0: Ball 2-0: DOUBLE (Flyball, 89D, EV 103.8 MPH)
|
Batting: LHB Troy Jones
|
0-0: Called Strike 0-1: Swinging Strike 0-2: Ball 1-2: Strikes out swinging
|
Bottom of the 2nd over - 0 runs, 1 hit, 0 errors, 1 left on base; Elizabethton 2 - Pulaski 0 |
TOP OF THE 3RD |
Elizabethton Twins batting - Pitching for Pulaski Yankees : RHP Chris Bryant
|
Batting: RHB David McDonald
|
0-0: Called Strike 0-1: Swinging Strike 0-2: Ball 1-2: Foul Ball, location: 2F 1-2: Foul Ball, location: 2F 1-2: Ball 2-2: SINGLE (Flyball, 6D, EV 81.2 MPH)
|
Batting: RHB Alexandre Garcia
|
0-0: Foul Ball, location: 2F 0-1: Ball 1-1: Called Strike David McDonald steals 2nd, throwing error, E2 David McDonald to third 1-2: Strikes out looking
|
Batting: LHB Marshall Daul
|
0-0: Ball 1-0: Ball 2-0: Swinging Strike 2-1: Ball 3-1: Foul Ball, location: 2F 3-2: Foul Ball, location: 2F 3-2: Foul Ball, location: 2F 3-2: Foul Ball, location: 2F 3-2: Base on Balls
|
Pitching: RHP Manny de la Cruz
|
|
Batting: RHB Josh Harmon
|
0-0: Ball Marshall Daul steals 2nd base 1-0: Reached on error, E4 (Groundball, 4S, EV 65.6 MPH) David McDonald scores Marshall Daul to third
|
Batting: LHB Brian Wagner
|
0-0: Ball Josh Harmon is caught stealing 2nd base 2-6 1-0: Ball 2-0: Ball 3-0: Base on Balls
|
Batting: LHB Shaun Price
|
0-0: Called Strike 0-1: Foul Ball, location: 2F 0-2: Ball 1-2: Foul Ball, location: 2F 1-2: Ball 2-2: Fly out, F9 (Flyball, 9D, EV 101.9 MPH)
|
Top of the 3rd over - 1 run, 1 hit, 2 errors, 2 left on base; Elizabethton 3 - Pulaski 0 |
BOTTOM OF THE 3RD |
Pulaski Yankees batting - Pitching for Elizabethton Twins : LHP Yeijiro Kimura
|
Batting: RHB Mustafa bin Gamali
|
0-0: Ball 1-0: Ground out 4-3 (Groundball, 4, EV 93.1 MPH)
|
Batting: RHB Victor Garcia
|
0-0: Ball 1-0: Ball 2-0: Called Strike 2-1: Ball 3-1: Base on Balls
|
Batting: LHB Carlos Palau
|
0-0: Ball 1-0: Ball 2-0: Foul Ball, location: 2F 2-1: Foul Ball, location: 2F 2-2: Ball 3-2: Base on Balls Victor Garcia to second
|
Batting: LHB Jared Zulkowski
|
0-0: Called Strike 0-1: Ball Wild Pitch! Victor Garcia to third Carlos Palau to second 1-1: Ground out 6-3 (Groundball, 6M, EV 78.1 MPH) Victor Garcia scores Carlos Palau to third
|
Batting: LHB Steve LeGrand
|
0-0: Ball 1-0: Called Strike 1-1: Ball 2-1: Foul Ball, location: 2F 2-2: Strikes out swinging
|
Bottom of the 3rd over - 1 run, 0 hits, 0 errors, 1 left on base; Elizabethton 3 - Pulaski 1 |
TOP OF THE 4TH |
Elizabethton Twins batting - Pitching for Pulaski Yankees : RHP Manny de la Cruz
|
Batting: LHB Jon Ventura
|
0-0: Ball 1-0: Called Strike 1-1: Foul Ball, location: 2F 1-2: Hit by Pitch
|
Batting: LHB Hector Olvera
|
0-0: Ball Jon Ventura steals 2nd base (no throw) 1-0: Ball 2-0: Foul Ball, location: 2F 2-1: Fly out, F8 (Line Drive, 8RM, EV 98.1 MPH)
|
Batting: LHB Ryuuichi Shintani
|
0-0: Called Strike 0-1: Ball Jon Ventura is caught stealing 3rd base 2-5 1-1: SINGLE (Line Drive, 7LS, EV 106.2 MPH)
|
Pitching: RHP Jon Campbell
|
|
Batting: RHB David McDonald
|
0-0: Called Strike 0-1: Foul Ball, location: 2F 0-2: Ball Ryuuichi Shintani is caught stealing 2nd base 2-4
|
Top of the 4th over - 0 runs, 1 hit, 0 errors, 0 left on base; Elizabethton 3 - Pulaski 1 |
BOTTOM OF THE 4TH |
Pulaski Yankees batting - Pitching for Elizabethton Twins : LHP Yeijiro Kimura
|
Batting: RHB Jesus Ruiz
|
0-0: Called Strike 0-1: Ball 1-1: Fly out, F6 (Popup, 6M, EV 58.1 MPH)
|
Batting: RHB Yasuoka Tsuda
|
0-0: Ball 1-0: Called Strike 1-1: Foul Ball, location: 2F 1-2: Hit by Pitch
|
Batting: LHB Justin Short
|
0-0: Ball 1-0: Ball 2-0: Ball 3-0: Called Strike 3-1: Called Strike 3-2: SINGLE (Groundball, 4MD, EV 100.0 MPH) Yasuoka Tsuda to second
|
Pitching: RHP Karel Braaksma
|
|
Batting: LHB Troy Jones
|
0-0: Foul Ball, location: 2F 0-1: Fly out, F7 (Flyball, 7, EV 86.9 MPH)
|
Batting: RHB Mustafa bin Gamali
|
0-0: Swinging Strike 0-1: Swinging Strike 0-2: Ball 1-2: Fly out, F1 (Line Drive, P, EV 66.9 MPH)
|
Bottom of the 4th over - 0 runs, 1 hit, 0 errors, 2 left on base; Elizabethton 3 - Pulaski 1 |
TOP OF THE 5TH |
Elizabethton Twins batting - Pitching for Pulaski Yankees : RHP Jon Campbell
|
Batting: RHB David McDonald
|
0-0: Ball 1-0: Foul Ball, location: 2F 1-1: Ground out 4-3 (Groundball, 4M, EV 96.2 MPH)
|
Batting: RHB Alexandre Garcia
|
0-0: Ball 1-0: Ball 2-0: Swinging Strike 2-1: Foul Ball, location: 2F 2-2: Ball 3-2: Foul Ball, location: 2F 3-2: Base on Balls
|
Batting: LHB Marshall Daul
|
0-0: Called Strike 0-1: Ball 1-1: Foul Ball, location: 2F 1-2: Strikes out swinging
|
Batting: RHB Josh Harmon
|
0-0: Foul Ball, location: 2F 0-1: Ground out 1-3 (Groundball, 13, EV 71.2 MPH)
|
Top of the 5th over - 0 runs, 0 hits, 0 errors, 1 left on base; Elizabethton 3 - Pulaski 1 |
BOTTOM OF THE 5TH |
Pulaski Yankees batting - Pitching for Elizabethton Twins : RHP Karel Braaksma
|
Batting: RHB Victor Garcia
|
0-0: Ground out 6-3 (Groundball, 6M, EV 106.2 MPH)
|
Batting: LHB Carlos Palau
|
0-0: Swinging Strike 0-1: Fly out, F6 (Line Drive, 6, EV 75.0 MPH)
|
Batting: LHB Jared Zulkowski
|
0-0: Ball 1-0: Ball 2-0: Foul Ball, location: 2F 2-1: Foul Ball, location: 2F 2-2: Fly out, F8 (Line Drive, 89M, EV 86.9 MPH)
|
Bottom of the 5th over - 0 runs, 0 hits, 0 errors, 0 left on base; Elizabethton 3 - Pulaski 1 |
TOP OF THE 6TH |
Elizabethton Twins batting - Pitching for Pulaski Yankees : RHP Jon Campbell
|
Pitching: RHP Yoshida Abe
|
|
Batting: LHB Brian Wagner
|
0-0: Ball 1-0: Ball 2-0: Foul Ball, location: 2F 2-1: Foul Ball, location: 2F 2-2: Strikes out swinging
|
Batting: LHB Shaun Price
|
0-0: Ground out 6-3 (Groundball, 6MD, EV 104.4 MPH)
|
Batting: LHB Jon Ventura
|
0-0: Swinging Strike 0-1: Called Strike 0-2: Strikes out looking
|
Top of the 6th over - 0 runs, 0 hits, 0 errors, 0 left on base; Elizabethton 3 - Pulaski 1 |
BOTTOM OF THE 6TH |
Pulaski Yankees batting - Pitching for Elizabethton Twins : RHP Karel Braaksma
|
Batting: LHB Steve LeGrand
|
0-0: Foul Ball, location: 2F 0-1: Foul Ball, location: 2F 0-2: Foul Ball, location: 2F 0-2: Strikes out swinging
|
Batting: RHB Jesus Ruiz
|
0-0: Ball 1-0: Called Strike 1-1: Swinging Strike 1-2: Ball 2-2: Ground out 5-3 (Groundball, 56, EV 86.2 MPH)
|
Batting: RHB Yasuoka Tsuda
|
0-0: Called Strike 0-1: Ball 1-1: Called Strike 1-2: Ball 2-2: Ball 3-2: Strikes out looking
|
Bottom of the 6th over - 0 runs, 0 hits, 0 errors, 0 left on base; Elizabethton 3 - Pulaski 1 |
TOP OF THE 7TH |
Elizabethton Twins batting - Pitching for Pulaski Yankees : RHP Yoshida Abe
|
Batting: LHB Hector Olvera
|
0-0: Ball 1-0: Ball 2-0: Ball 3-0: Called Strike 3-1: Foul Ball, location: 2F 3-2: Ground out 1-3 (Groundball, 23, EV 70.0 MPH)
|
Batting: LHB Ryuuichi Shintani
|
0-0: SOLO HOME RUN (Flyball, 89XD, EV 99.4 MPH), Distance : 405 ft
|
Batting: RHB David McDonald
|
0-0: Ball 1-0: Ball 2-0: Foul Ball, location: 2F 2-1: Ball 3-1: Base on Balls
|
Pitching: LHP Matt Cusatis
|
|
Batting: RHB Alexandre Garcia
|
0-0: Called Strike 0-1: Ball 1-1: Swinging Strike 1-2: Ball 2-2: DOUBLE (Flyball, 8RXD, EV 96.2 MPH) David McDonald to third Runner from 3rd tries for Home, throw by CF and OUT! 8-4-2 Alexandre Garcia to third
|
Batting: LHB Marshall Daul
|
0-0: Ball 1-0: Ball 2-0: 2-RUN HOME RUN (Flyball, 9LD, EV 98.1 MPH), Distance : 353 ft
|
Batting: RHB Josh Harmon
|
0-0: Foul Ball, location: 2F 0-1: Ball 1-1: Ball 2-1: Ball 3-1: Base on Balls
|
Batting: LHB Brian Wagner
|
0-0: Called Strike 0-1: Swinging Strike 0-2: Strikes out looking
|
Top of the 7th over - 3 runs, 3 hits, 0 errors, 1 left on base; Elizabethton 6 - Pulaski 1 |
BOTTOM OF THE 7TH |
Pulaski Yankees batting - Pitching for Elizabethton Twins : RHP Karel Braaksma
|
Batting: LHB Justin Short
|
0-0: Ball 1-0: Ball 2-0: Ball 3-0: Base on Balls
|
Batting: LHB Troy Jones
|
0-0: Ball 1-0: Foul Ball, location: 2F 1-1: Ball 2-1: Fielders Choice at 2nd, 3-6 (Groundball, 3, EV 109.4 MPH)
|
Batting: RHB Mustafa bin Gamali
|
0-0: Called Strike 0-1: Hit by Pitch Troy Jones to second
|
Batting: RHB Victor Garcia
|
0-0: 3-RUN HOME RUN (Flyball, 78XD, EV 98.1 MPH), Distance : 419 ft
|
Pitching: RHP Takeshi Kusanagi
|
|
Batting: LHB Carlos Palau
|
0-0: Ball 1-0: DOUBLE (Groundball, 3L, EV 100.6 MPH)
|
Batting: LHB Jared Zulkowski
|
0-0: Called Strike 0-1: Ball 1-1: Called Strike 1-2: Ground out U3 (Groundball, 34S, EV 80.0 MPH) Carlos Palau to third
|
Batting: LHB Steve LeGrand
|
0-0: Ball 1-0: Called Strike 1-1: Foul Ball, location: 2F 1-2: Strikes out looking
|
Bottom of the 7th over - 3 runs, 2 hits, 0 errors, 1 left on base; Elizabethton 6 - Pulaski 4 |
TOP OF THE 8TH |
Elizabethton Twins batting - Pitching for Pulaski Yankees : LHP Matt Cusatis
|
Batting: LHB Shaun Price
|
0-0: Ground out U3 (Groundball, 34S, EV 90.0 MPH)
|
Batting: LHB Jon Ventura
|
0-0: SINGLE (Groundball, 4MD, EV 96.2 MPH)
|
Pitching: RHP Matt Elliott
|
|
Batting: LHB Hector Olvera
|
0-0: Called Strike Jon Ventura is caught stealing 2nd base 2-6 0-1: Ball 1-1: Foul Ball, location: 2F 1-2: Foul Ball, location: 2F 1-2: DOUBLE (Groundball, 3L, EV 108.1 MPH)
|
Batting: LHB Ryuuichi Shintani
|
0-0: Ball 1-0: Foul Ball, location: 2F 1-1: Called Strike 1-2: Ball 2-2: Foul Ball, location: 2F 2-2: Hit by Pitch
|
Batting: RHB David McDonald
|
0-0: 3-RUN HOME RUN (Flyball, 7D, EV 98.8 MPH), Distance : 376 ft
|
Batting: RHB Alexandre Garcia
|
0-0: Foul Ball, location: 2F 0-1: Ball 1-1: Foul Ball, location: 2F 1-2: Ball 2-2: SOLO HOME RUN (Line Drive, 9D, EV 98.8 MPH), Distance : 371 ft
|
Batting: LHB Marshall Daul
|
0-0: Called Strike 0-1: Ball 1-1: Ball 2-1: Ball 3-1: Base on Balls
|
Batting: RHB Josh Harmon
|
0-0: Ball Marshall Daul steals 2nd base 1-0: DOUBLE (Line Drive, 89D, EV 111.2 MPH) Marshall Daul scores
|
Batting: LHB Brian Wagner
|
0-0: Ball 1-0: Ground out 6-3 (Groundball, 4M, EV 100.0 MPH)
|
Top of the 8th over - 5 runs, 5 hits, 0 errors, 1 left on base; Elizabethton 11 - Pulaski 4 |
BOTTOM OF THE 8TH |
Pulaski Yankees batting - Pitching for Elizabethton Twins : RHP Takeshi Kusanagi
|
Batting: RHB Jesus Ruiz
|
0-0: Ball 1-0: Ball 2-0: Foul Ball, location: 2F 2-1: SINGLE (Line Drive, 9LM, EV 113.8 MPH)
|
Batting: RHB Yasuoka Tsuda
|
0-0: 2-RUN HOME RUN (Flyball, 78XD, EV 101.2 MPH), Distance : 418 ft
|
Batting: LHB Justin Short
|
0-0: Ball 1-0: Ball 2-0: Foul Ball, location: 2F 2-1: DOUBLE (Line Drive, 3D, EV 95.6 MPH)
|
Pinch Hitting: LHB Ernesto Abreu
|
0-0: Ball 1-0: Ground out 5-3 (Groundball, 56S, EV 85.0 MPH)
|
Batting: RHB Mustafa bin Gamali
|
0-0: Called Strike 0-1: Swinging Strike 0-2: Strikes out swinging
|
Batting: RHB Victor Garcia
|
0-0: Called Strike 0-1: Foul Ball, location: 2F 0-2: Strikes out swinging
|
Bottom of the 8th over - 2 runs, 3 hits, 0 errors, 1 left on base; Elizabethton 11 - Pulaski 6 |
TOP OF THE 9TH |
Elizabethton Twins batting - Pitching for Pulaski Yankees : RHP Matt Elliott
|
Now in CF: Carlos Palau
|
|
Now in RF: Ernesto Abreu
|
|
Batting: LHB Shaun Price
|
0-0: Ball 1-0: Ball 2-0: Foul Ball, location: 2F 2-1: Ball 3-1: Called Strike 3-2: Base on Balls
|
Batting: LHB Jon Ventura
|
0-0: Ball Wild Pitch! Shaun Price to second 1-0: Ball 2-0: Ball 3-0: Base on Balls
|
Batting: LHB Hector Olvera
|
0-0: Ball 1-0: Ball 2-0: Ball 3-0: Called Strike 3-1: Swinging Strike 3-2: Foul Ball, location: 2F 3-2: Foul Ball, location: 2F 3-2: Base on Balls Shaun Price to third Jon Ventura to second
|
Batting: LHB Ryuuichi Shintani
|
0-0: Ball 1-0: Ball 2-0: Called Strike 2-1: Ball 3-1: Foul Ball, location: 2F 3-2: Base on Balls Shaun Price scores Jon Ventura to third Hector Olvera to second
|
Batting: RHB David McDonald
|
0-0: Called Strike 0-1: Hit by Pitch Jon Ventura scores Hector Olvera to third Ryuuichi Shintani to second
|
Batting: RHB Alexandre Garcia
|
0-0: Fly out, F8 (Flyball, 89D, EV 93.8 MPH) Runner from 3rd tags up, SCORES, throw by CF Ryuuichi Shintani to third
|
Pitching: RHP Eric Patrick
|
|
Batting: LHB Marshall Daul
|
0-0: Ball 1-0: Foul Ball, location: 2F 1-1: Foul Ball, location: 2F 1-2: Foul Ball, location: 2F 1-2: Ball 2-2: Ball 3-2: Fielders Choice at 2nd, 6-4 (Groundball, 6M, EV 80.6 MPH) Ryuuichi Shintani scores
|
Batting: RHB Josh Harmon
|
0-0: Ball 1-0: Ball 2-0: Called Strike 2-1: Ball 3-1: Called Strike 3-2: Base on Balls Marshall Daul to second
|
Batting: LHB Brian Wagner
|
0-0: Called Strike 0-1: Swinging Strike 0-2: Foul Ball, location: 2F 0-2: SINGLE (Line Drive, 7S, EV 108.1 MPH) Marshall Daul to third Josh Harmon to second Runner from 3rd tries for Home, SAFE, throw by LF to home
|
Batting: LHB Shaun Price
|
0-0: Ball 1-0: Called Strike 1-1: Ball 2-1: Swinging Strike 2-2: Strikes out swinging
|
Top of the 9th over - 5 runs, 1 hit, 0 errors, 2 left on base; Elizabethton 16 - Pulaski 6 |
BOTTOM OF THE 9TH |
Pulaski Yankees batting - Pitching for Elizabethton Twins : RHP Takeshi Kusanagi
|
Batting: LHB Carlos Palau
|
0-0: Called Strike 0-1: Swinging Strike 0-2: Ball 1-2: Ball 2-2: Ball 3-2: Base on Balls
|
Pitching: RHP Danny Lucero
|
|
Batting: LHB Jared Zulkowski
|
0-0: Fielders Choice at 2nd, 3-6 (Groundball, 34S, EV 90.0 MPH)
|
Batting: LHB Steve LeGrand
|
0-0: Ball Wild Pitch! Jared Zulkowski to second 1-0: Ball 2-0: DOUBLE (Line Drive, 7LD, EV 105.6 MPH) Jared Zulkowski scores
|
Batting: RHB Jesus Ruiz
|
0-0: Fly out, F8 (Line Drive, 8RS, EV 92.5 MPH)
|
Batting: RHB Yasuoka Tsuda
|
0-0: Called Strike 0-1: Foul Ball, location: 2F 0-2: Strikes out swinging
|
Bottom of the 9th over - 1 run, 1 hit, 0 errors, 1 left on base; Elizabethton 16 - Pulaski 7 |
|